 Dungeon Crawl Stone Soup version 0.32-a0-913-g739538afd8 (webtiles) character file.

Game seed: 9645281911309969536

249 Fractals the Sneak (level 6, -28/57 HPs)
             Began as a Naga Artificer on Apr 8, 2024.
             Killed by an exploding orc wizard (41 damage)
             ... ignited by their inner flame
             ... on level 4 of the Dungeon.
             The game lasted 00:08:39 (3108 turns).

Fractals the Sneak (Naga Artificer)                 Turns: 3108, Time: 00:08:40

Health: -28/57     AC:  9    Str: 15    XL:     6   Next: 12%
Magic:  6/6        EV:  6    Int: 11    God:
Gold:   106        SH:  0    Dex: 18    Spells: 5/5 levels left

rFire   . . .        i - +1 dagger
rCold   . . .        (no shield)
rNeg    . . .        q - +0 scale mail "Qien" {Dex+5}
rPois   +            (no helmet)
rElec   .            (no cloak)
rCorr   .            (no gloves)
SInv    +            (no barding)
Will    .....        (no amulet)
Stlth   ++           u - +4 ring of protection
HPRegen 0.29/turn    (no ring)
MPRegen 0.10/turn

%: no passive effects
@: weak-willed, very slow
A: AC +2, large, see invisible, deformed body, poison resistance, slowness 2,
spit poison 1, naga tail 1
a: Spit Poison, Convert to Beogh


You were on level 4 of the Dungeon.
You visited 1 branch of the dungeon, and saw 4 of its levels.

You collected 142 gold pieces.
You spent 36 gold pieces at shops.

Inventory:

Hand Weapons
 i - a +1 dagger (weapon)
Armour
 q - the +0 scale mail "Qien" (worn) {Dex+5}
   (You took it off a goblin on level 2 of the Dungeon)

   Dex+5:     It affects your dexterity (+5).
Jewellery
 u - a +4 ring of protection (left hand)
Wands
 c - a wand of flame (8) (quivered)
 d - a wand of charming (15)
 e - a wand of iceblast (3)
Scrolls
 a - 2 scrolls of poison
 f - 2 scrolls of identify
Potions
 h - 3 potions of brilliance
 l - a potion of haste {unknown}
 m - a potion of heal wounds {unknown}
 n - 3 potions of curing
 s - a potion of lignification {unknown}


   Skills:
 + Level 4.2 Fighting
 - Level 1.5 Armour
 - Level 0.7 Dodging
 - Level 5.0 Stealth
 - Level 4.0 Evocations


You had 5 spell levels left.
You didn't know any spells.
Your spell library was empty.

Dungeon Overview and Level Annotations

Branches:
Dungeon (4/15)
 Temple: D:4-7

Altars:
Cheibriados

Shops:
D:1 !=


Innate Abilities, Weirdness & Mutations

Your serpentine skin is tough. (AC +2)
You have supernaturally acute eyesight. (SInv)
Armour fits poorly on your strangely shaped body.
Your system is resistant to poisons. (rPois)
You cover ground very slowly.
You can spit poison.
You have a snake-like lower body.


Message History

Unknown command.
This is a scroll of acquirement!
Something appears before you!
The orc priest begins to cast a cantrip, but forgets the words!
As you read the scroll labelled WYMMATODIO, it crumbles to dust.
It is a scroll of enchant armour.
You aren't carrying any armour which can be enchanted further.
As you read the scroll labelled YGOQIY LIEFUL, it crumbles to dust.
It is a scroll of enchant weapon.
Your +0 dagger glows red for a moment.
The orc priest hits you but does no damage.
The orc wizard hits you but does no damage.
As you read the scroll labelled RYRONE YGHEYPP, it crumbles to dust.
The creatures around you are filled with an inner flame!
It was a scroll of immolation.
The orc priest completely misses you.
The orc wizard hits you with a +0 dagger.
Aiming: Spit Poison (1% risk of failure)
Press: ? - help, Shift-Dir - straight line, f - orc wizard
Aim: an orc wizard, wielding a +0 dagger and wearing a +0 robe (inner flame, slightly transparent, 50% to hit)
The splash of poison hits the orc wizard but does no damage.
The orc priest hits you but does no damage.
The orc wizard points at you and mumbles some strange words.
The magic dart hits you.
* * * LOW HITPOINT WARNING * * *
You hit the orc wizard.
Flame seeps out of the orc wizard.
The orc wizard is lightly wounded.
The orc priest hits you but does no damage.
The orc wizard is engulfed in blazing flames.
Flame seeps out of the orc wizard.
The orc wizard hits you but does no damage.
You barely miss the orc wizard.
The orc wizard is severely wounded.
You have got your breath back.
The orc priest hits you with a +0 short sword.
* * * LOW HITPOINT WARNING * * *
The orc wizard is engulfed in blazing flames.
The orc wizard explodes!
The fiery explosion engulfs you!!!
Ouch! That really hurt!
You die...

# #..#.# #o#..#.##
#....?..# ##.##.##
#......#.# #.)......#
########......o.#
#.....##..##..#.#####
#....@##..##..#..o...
#....o○o..##....o....
#....§###.#...#.....
#.....# #.......#
####### ###...###
###.# #.# ##.######.#
######..........


You could see an orc priest (inner flame, weak-willed) and an orc (inner flame).

Vanquished Creatures
  Menkaure (D:4)
  A bombardier beetle (D:3)
  Jessica (D:2)
  An orc wizard (D:4)
  2 adders (D:2)
  A dart slug (D:3)
  3 orcs
  9 endoplasms
  2 giant cockroaches (D:1)
  11 goblins
  6 hobgoblins
  3 jackals (D:2)
  2 ball pythons (D:1)
  4 bats
  2 frilled lizards (D:1)
  6 kobolds
  6 rats
61 creatures vanquished.

Notes
Turn   | Place    | Note
-------+----------+-------------------------------------------
     0 | D:1      | Fractals the Naga Artificer began the quest for the Orb.
     0 | D:1      | Reached XP level 1. HP: 18/18 MP: 1/1
   135 | D:1      | Reached skill level 2 in Stealth
   315 | D:1      | Found a faded altar of an unknown god.
   367 | D:1      | Reached XP level 2. HP: 20/25 MP: 2/2
   541 | D:1      | Reached skill level 3 in Stealth
   685 | D:1      | Found Qetocik's One-of-a-Kind Rings.
   697 | D:1      | Reached XP level 3. HP: 23/32 MP: 3/3
  1009 | D:1      | Found Qajuf's Distillery.
  1019 | D:1      | Bought a potion of curing for 36 gold pieces
  1381 | D:2      | Identified the +0 scale mail "Qien" {Dex+5}
  1536 | D:2      | Noticed Jessica
  1550 | D:2      | Killed Jessica
  1551 | D:2      | Reached skill level 4 in Stealth
  1551 | D:2      | Reached XP level 4. HP: 12/40 MP: 4/4
  2219 | D:3      | Identified the +4 scale mail "Teimp" {-Cast rF++}
  2250 | D:3      | Reached skill level 5 in Stealth
  2587 | D:3      | Found a snail-covered altar of Cheibriados.
  2609 | D:3      | Reached XP level 5. HP: 26/49 MP: 5/5
  3082 | D:4      | Noticed Menkaure
  3090 | D:4      | Killed Menkaure
  3091 | D:4      | Reached XP level 6. HP: 32/57 MP: 6/6
  3102 | D:4      | Identified a scroll of acquirement
  3102 | D:4      | Acquired 1006 gold pieces
  3108 | D:4      | Killed by an exploding orc wizard... ignited by their inner
                  | flame

Illustrated notes

Levels and vault maps discovered:
D:1:      mrwooster_arrival_statue_3, layout_loops_ring,
          chequers_ecumenical_altar_island, serial_shops,
          nicolae_lakefront_shop, nicolae_shop_unique_rings,
          minmay_misc_feat_secret_circle
D:2:      layout_loops_ring, grunt_ministairs_15, kennysheep_generic_room_6,
          uniq_jessica
D:3:      layout_rooms, slow_altar_2, guppyfry_early_lair_pool
D:4:      layout_loops_cross, minmay_temple_entry_trees,
          minmay_misc_feat_enclosed, uniq_eustachio, uniq_menkaure, uniq_robin

Skill      XL: |  1  2  3  4  5 |
---------------+----------------+-----
Stealth        | 2 3 4 5 |  5.0
Fighting       | 2 3 4 |  4.2
Evocations     | 4 |  4.0
Armour         | |  1.5
Dodging        | |  0.7

Action                     |  1- 3 |  4- 6 || total
---------------------------+-------+-------++-------
  Melee: Club              |    13 |       ||    13
         Dagger            |    98 |   118 ||   216
Ability: Spit Poison       |    13 |    14 ||    27
  Evoke: Wand              |     7 |     2 ||     9
    Use: Scroll            |     1 |     9 ||    10
   Stab: Sleeping          |     4 |     1 ||     5
 Armour: Leather armour    |    72 |       ||    72
         Scale mail        |       |    97 ||    97
  Dodge: Dodged            |    54 |    50 ||   104

Table legend: (Time is in decaauts)
 A = Elapsed time spent in this place.
 B = Non-inter-level travel time spent in this place.
 C = Inter-level travel time spent in this place.
 D = Time resting spent in this place.
 E = Time spent auto-exploring this place.
 F = Levels seen in this place.
 G = Mean time per level.
                   A        B        C        D        E       F      G
               +--------+--------+--------+--------+--------+-----+--------+
         Total |   3865 |   3747 |    118 |    690 |   2220 |   4 |  966.2 |
       Dungeon |   3865 |   3747 |    118 |    690 |   2220 |   4 |  966.2 |
               +--------+--------+--------+--------+--------+-----+--------+

Top non-repeatable levels by time:
     D:1: 1497 daAuts
     D:2: 1222 daAuts
     D:3: 869 daAuts
     D:4: 276 daAuts
